 Dungeon Crawl Stone Soup version 0.28-a0-79-g444c7a33f5 (webtiles) character file.

Game seed: 9293549344324860490

1 RustandSilver the Ducker (level 1, 15/16 HPs)
             Began as a Demonspawn Gladiator on May 24, 2021.
             Got out of the dungeon alive.
             The game lasted 00:00:48 (179 turns).

RustandSilver the Ducker (Demonspawn Gladiator)      Turns: 179, Time: 00:00:48

Health: 15/16      AC:  4    Str: 14    XL:     1   Next: 16%
Magic:  1/1        EV: 12    Int:  9    God:
Gold:   0          SH:  0    Dex: 14    Spells: 0/0 levels left

rFire   . . .      SeeInvis .   a - +0 long sword
rCold   . . .      Faith    .   (no shield)
rNeg    . . .      Spirit   .   b - +0 leather armour
rPois   .          Reflect  .   c - +0 helmet
rElec   .          Harm     .   (no cloak)
rCorr   .          Rampage  .   (no gloves)
Will    .....                   (no boots)
Stlth   +.........              (no amulet)
HPRegen 0.05/turn               (no ring)
MPRegen 0.07/turn               (no ring)

@: no status effects
A: no striking features
a: no special abilities


You escaped.
You visited 1 branch of the dungeon, and saw 1 of its levels.

Inventory:

Hand Weapons
 a - a +0 long sword (weapon)
Missiles
 d - 3 throwing nets (quivered)
Armour
 b - a +0 leather armour (worn)
 c - a +0 helmet (worn)


   Skills:
 + Level 2.0 Fighting
 + Level 2.6 Long Blades
 + Level 1.7 Throwing
 + Level 0.3 Armour
 + Level 2.6 Dodging


You couldn't memorise any spells.
You didn't know any spells.
Your spell library was empty.

Dungeon Overview and Level Annotations

Branches:
Dungeon (1/15)

Altars:


Message History

Welcome, RustandSilver the Demonspawn Gladiator.
Will you prevail where others failed? Will you find the Orb of Zot?
Press ? for a list of commands and other information.
Found a staircase leading out of the dungeon.
You start waiting.
Done waiting.
Found 18 poisoned darts.
You see here 18 poisoned darts.
Welcome back, RustandSilver the Demonspawn Gladiator.
Press ? for a list of commands and other information.
Found a scroll labelled VEXTORIXEO.
A goblin comes into view. It is wielding a +0 dagger.
The goblin shouts!
Welcome back, RustandSilver the Demonspawn Gladiator.
Press ? for a list of commands and other information.
The goblin hits you with a +0 dagger. The goblin hits you but does no damage.
You barely miss the goblin. The goblin hits you but does no damage.
You closely miss the goblin. The goblin closely misses you.
You closely miss the goblin. The goblin barely misses you.
You closely miss the goblin.
The goblin hits you but does no damage. x2
You miss the goblin. The goblin closely misses you.
You closely miss the goblin. The goblin hits you but does no damage.
You closely miss the goblin. The goblin hits you with a +0 dagger.
You hit the goblin.
You kill the goblin!
You see here a +0 dagger.
You see here a +0 dagger.
You see here 18 poisoned darts.
There is a staircase leading out of the dungeon here.
Are you sure you want to leave the Dungeon?
This will make you lose the game!
You have escaped!

####### ####.....#
###........########
#...#.....(........
#.@.#......#.######
#...#.≈≈...#.######
....###.≈≈...#..)....
...###
........#..##... ##
##########..##.##
#..##.# ?......
#........ #.#######


There were no monsters in sight!

Vanquished Creatures
  A goblin (D:1)
1 creature vanquished.

Notes
Turn   | Place    | Note
-------+----------+-------------------------------------------
     0 | D:1      | RustandSilver the Demonspawn Gladiator began the quest for
                  | the Orb.
     0 | D:1      | Reached XP level 1. HP: 16/16 MP: 1/1
   121 | D:1      | Upgraded the game from 0.27-a0-1191-g601b473118 to
                  | 0.28-a0-79-g444c7a33f5
   179 | D:$      | Got out of the dungeon alive.

Illustrated notes

Levels and vault maps discovered:
D:1:      amcnicky_arrival_double_pillar, layout_loops_corners,
          hellmonk_ecumenical_altar_zigzags, minmay_split_cup_large

Action                   || total
-------------------------++-------
Melee: Long sword        ||     8
Armor: Leather armour    ||     5
Dodge: Dodged            ||     3

Table legend: (Time is in decaauts)
 A = Elapsed time spent in this place.
 B = Non-inter-level travel time spent in this place.
 C = Inter-level travel time spent in this place.
 D = Time resting spent in this place.
 E = Time spent auto-exploring this place.
 F = Levels seen in this place.
 G = Mean time per level.
                   A        B        C        D        E       F      G
               +--------+--------+--------+--------+--------+-----+--------+
         Total |    181 |    177 |      4 |    100 |      2 |   1 |  181.0 |
       Dungeon |    181 |    177 |      4 |    100 |      2 |   1 |  181.0 |
               +--------+--------+--------+--------+--------+-----+--------+

Top non-repeatable levels by time:
     D:1: 181 daAuts
